 Dungeon Crawl Stone Soup version 0.24-a0-203-gf0bc1e94ae (webtiles) character file.

Game seed: 8401537759722484563

224244 Orphidia the Blocker (level 17, -21/140 HPs)
             Began as a Demigod Necromancer on Mar 28, 2019.
             Killed from afar by a frost giant (50 damage)
             ... with a bolt of cold
             ... on level 4 of the Vaults.
             The game lasted 02:50:13 (46815 turns).

Orphidia the Blocker (Demigod Necromancer)         Turns: 46815, Time: 02:50:14

Health: -21/140    AC: 13    Str: 17    XL:     17   Next: 95%
Magic:  25/35      EV: 24    Int: 26    God:
Gold:   1381       SH: 22    Dex: 21    Spells: 8/34 levels left

rFire    . . .     SeeInvis +   w - +1 eveningstar (holy)
rCold    . . .     Gourm    .   D - +0 shield
rNeg     . . .     Faith    .   r - +2 robe {MR+}
rPois    +         Spirit   .   P - +0 helmet
rElec    .         Reflect  +   I - +2 cloak {+Inv}
rCorr    .         Harm     .   t - +2 pair of gloves
MR       ++...                  U - +0 pair of boots
Stlth    ++........             Q - brooch of Shielding {Reflect SH+8}
HPRegen  0.33/turn              O - ring of poison resistance
MPRegen  0.24/turn              C - ring of the Octopus King {AC+1 EV+1 Str+1 Int+1 Dex+1 SInv}

@: mighty, about to teleport, marked
A: high mp 1
}: 1/15 runes: gossamer
a: Evoke Invisibility


You were on level 4 of the Vaults.
You were hungry.

You visited 5 branches of the dungeon, and saw 31 of its levels.
You also visited: Gauntlet.

You collected 2869 gold pieces.
You spent 1488 gold pieces at shops.


Innate Abilities, Weirdness & Mutations

You have an increased reservoir of magic. (+10% MP)


   Skills:
 - Level 10.0 Fighting
 - Level 12.0 Staves
 - Level 12.8 Dodging
 - Level 1.7 Stealth
 + Level 13.9 Shields
 - Level 9.0 Spellcasting
 - Level 6.0 Conjurations
 - Level 12.0 Necromancy
 - Level 6.0 Earth Magic
 - Level 12.0 Evocations


You had 8 spell levels left.
You knew the following spells:

 Your Spells              Type           Power        Failure   Level  Hunger
a - Apportation           Tloc           ##....       5%          1    None
p - Passwall              Tmut/Erth      ####....     2%          2    None
r - Regeneration          Chrm/Necr      #####.....   1%          3    None
s - Swiftness             Chrm/Air       ##......     9%          2    None
A - Pain                  Necr           ####         1%          1    None
B - Vampiric Draining     Necr           ######....   1%          3    None
C - Animate Dead          Necr           N/A          1%          4    #......
D - Corpse Rot            Necr           N/A          1%          2    None
E - Lee's Rapid Deconstr  Erth           #####.....   13%         5    ####...
F - Stone Arrow           Conj/Erth      #####.       1%          3    None

Your spell library contained the following spells:

 Spells                   Type           Power        Failure   Level  Hunger
 Animate Skeleton         Necr           N/A          1%          1    None
 Flame Tongue             Conj/Fire      ####.        1%          1    None
 Sandblast                Erth           #####.       1%          1    None
 Throw Flame              Conj/Fire      ####..       2%          2    None
 Throw Frost              Conj/Ice       ####..       2%          2    None
 Conjure Flame            Conj/Fire      ####....     4%          3    None
 Confusing Touch          Hex            ##....       5%          1    None
 Corona                   Hex            ##.....      5%          1    None
 Freeze                   Ice            ##..         5%          1    None
 Summon Small Mammal      Summ           ##..         5%          1    None
 Call Imp                 Summ           ##......     9%          2    None
 Slow                     Hex            ##......     9%          2    None
 Leda's Liquefaction      Hex/Erth       ####......   16%         4    #......
 Petrify                  Tmut/Erth      ####....     16%         4    #......
 Sticky Flame             Conj/Fire      ####....     16%         4    #......
 Throw Icicle             Conj/Ice       ####....     16%         4    #......
 Call Canine Familiar     Summ           ##......     17%         3    None
 Confuse                  Hex            ##......     17%         3    None
 Gell's Gravitas          Tloc           ##........   17%         3    None
 Inner Flame              Hex/Fire       ##......     17%         3    None
 Ozocubu's Armour         Chrm/Ice       ##......     17%         3    None
 Portal Projectile        Hex/Tloc       ##....       17%         3    None
 Summon Guardian Golem    Hex/Summ       ##......     17%         3    None
 Fireball                 Conj/Fire      ####......   41%         5    ####...
 Cause Fear               Hex            ##........   50%         4    #......
 Passage of Golubria      Tloc           N/A          50%         4    #......
 Summon Ice Beast         Ice/Summ       ##......     50%         4    #......
 Summon Lightning Spire   Summ/Air       ##......     50%         4    #......
 Metabolic Englaciation   Hex/Ice        ##........   83%         5    ####...
 Summon Forest            Summ/Tloc      ##........   83%         5    ####...
 Yara's Violent Unravell  Hex/Tmut       ##........   83%         5    ####...
 Darkness                 Hex            ##........   100%        6    ######.
 Hydra Form               Tmut           ##........   100%        6    ######.
 Invisibility             Hex            ##......     100%        6    ######.
 Summon Hydra             Summ           ##........   100%        7    #######

Action                   |  1- 3 |  4- 6 |  7- 9 | 10-12 | 13-15 | 16-18 || total
-------------------------+-------+-------+-------+-------+-------+-------++-------
Melee: Hand axe          |     3 |    37 |       |       |       |       ||    40
       Flail             |       |    50 |   111 |       |       |       ||   161
       Short sword       |       |       |   126 |   529 |   216 |       ||   871
       Staff             |       |       |       |   659 |  1689 |  1227 ||  3575
       Eveningstar       |       |       |       |       |       |   104 ||   104
Throw: Javelin           |       |       |     3 |    21 |    19 |     4 ||    47
 Cast: Pain              |    80 |    65 |    62 |   138 |    32 |    11 ||   388
       Vampiric Draining |       |     9 |    33 |   106 |   221 |   118 ||   487
       Animate Dead      |       |     3 |     6 |    54 |   114 |    40 ||   217
       Stone Arrow       |       |       |       |    46 |    80 |     9 ||   135
       Regeneration      |       |       |       |     1 |    42 |    55 ||    98
       Apportation       |       |       |       |       |     2 |       ||     2
 Abil: Evoke Invisibilit |       |       |       |     1 |     2 |       ||     3
Evoke: Wand              |       |       |       |    18 |    31 |    30 ||    79
       Phantom mirror    |       |       |       |     1 |     1 |       ||     2
       Lamp of fire      |       |       |       |       |     5 |     5 ||    10
       Box of beasts     |       |       |       |       |     1 |       ||     1
  Use: Scroll            |     6 |     5 |     5 |    19 |     6 |     6 ||    47
       Potion            |       |       |     2 |     3 |    14 |     3 ||    22
 Stab: Sleeping          |       |     1 |     2 |    18 |     5 |     7 ||    33
       Distracted        |       |       |     2 |     6 |    17 |     6 ||    31
       Invisible         |       |       |       |     4 |     2 |       ||     6
       Petrified         |       |       |       |       |     1 |       ||     1
       Held in net/web   |       |       |       |       |     1 |       ||     1
  Eat: Chunk             |     5 |     4 |     9 |    23 |    23 |    17 ||    81
       Ration            |       |     2 |     1 |    12 |    12 |     5 ||    32
Armor: Robe              |     2 |    18 |    89 |   291 |   204 |    95 ||   699
       Skin              |       |       |     7 |    11 |       |       ||    18
       Ring mail         |       |       |       |       |   241 |    10 ||   251
       Acid dragon scale |       |       |       |       |       |     8 ||     8
Dodge: Dodged            |     5 |    65 |   183 |  1136 |  1511 |   527 ||  3427
Block: Other             |       |       |       |       |   308 |    65 ||   373
       Reflection        |       |       |       |       |     5 |    22 ||    27
       Shield            |       |       |       |       |       |   651 ||   651

Inventory:

Hand Weapons
 b - the +8 short sword of the Radish {protect, rN+ Str+5}
   (You took it off an orc on level 5 of the Dungeon)

   It protects the one who uses it against injury (+AC on strike).
   It affects your strength (+5).
   It protects you from negative energy.
 w - a +1 eveningstar of holy wrath (weapon)
 R - a +4 eveningstar of protection
Missiles
 F - 3 steel javelins (quivered)
Armour
 q - +0 acid dragon scales
 r - a +2 robe of magic resistance (worn)
 t - a +2 pair of gloves (worn)
 D - a +0 shield (worn)
 G - the +7 chain mail "Opet" {rElec Dex+3 SInv}
   (You found it on level 4 of the Vaults)

   It affects your dexterity (+3).
   It insulates you from electricity.
   It lets you see invisible.
 I - a +2 cloak of invisibility (worn)
 P - a +0 helmet (worn)
 U - a +0 pair of boots (worn)
 X - the +3 ring mail of Beudiar {rF+ Dex+3}
   (You found it on level 15 of the Dungeon)

   It affects your dexterity (+3).
   It protects you from fire.
Magical Staves
 a - an uncursed staff of death
Jewellery
 s - an uncursed ring of positive energy
 v - an uncursed ring of protection from fire
 y - an uncursed ring of flight
 C - a ring of the Octopus King (right hand) {AC+1 EV+1 Str+1 Int+1 Dex+1 SInv}
   (You found it on level 13 of the Dungeon)

   [ring of see invisible]

   It affects your AC (+1).
   It affects your evasion (+1).
   It affects your strength (+1).
   It affects your intelligence (+1).
   It affects your dexterity (+1).
   It lets you see invisible.
 O - a ring of poison resistance (left hand)
 Q - the brooch of Shielding (around neck) {Reflect SH+8}
   (You bought it in a shop on level 14 of the Dungeon)

   [amulet of reflection]

   It shields you and reflects attacks.
   It affects your SH (+8).
 Z - the ring of Nitruhat {Ice +Blink rPois Dex+2 Stlth+}
   (You found it on level 15 of the Dungeon)

   [ring of ice]

   It enhances your ice magic.
   It affects your dexterity (+2).
   It makes you vulnerable to fire.
   It protects you from cold.
   It protects you from poison.
   It lets you blink.
   It makes you more stealthy.
Wands
 g - a wand of digging (21)
 u - a wand of polymorph (5)
 z - a wand of acid (4)
 L - a wand of iceblast (1)
 T - a wand of disintegration (6)
 Y - a wand of enslavement (5)
Scrolls
 j - 4 scrolls of fog
 l - 11 scrolls of remove curse
 o - 2 scrolls of enchant armour
 x - 5 scrolls of amnesia
 E - 4 scrolls of teleportation
 H - 17 scrolls of identify
 J - 3 scrolls of enchant weapon
 V - a scroll of blinking
 W - 3 scrolls of magic mapping
Potions
 d - a potion of resistance
 e - 8 potions of curing
 f - 5 potions of ambrosia
 h - 2 potions of heal wounds
 i - 2 potions of might
 k - a potion of cancellation
 m - a potion of magic
 n - 4 potions of haste
 p - 4 potions of brilliance
 A - 8 potions of mutation
 B - a potion of agility
 M - 3 potions of flight
Miscellaneous
 K - a lamp of fire
 S - a fan of gales
Comestibles
 c - 21 rations
 N - 6 chunks of flesh {@w1}

#######+#.....#####+#############
.................................
............p....................
.............p...................
.......(.........................
............Op)..........))......
#########..*O)############)######
...# #....Q######### ...# ##.#
#....C#u@.....# #.p.# ##.#
#....ppC......# #...# ...#
#....O#)......# #...# ##.#
#.....#....>..# #...# ##.#
#.....#.......# #?.$# ...#
#.....#.......# ####
#(....######### # #.....# #
#.....#


You could see an ironheart preserver, a frost giant, a green very ugly thing, a
two-headed ogre and a vault sentinel.

Vanquished Creatures
  Bai Suzhen (Spider:4)
  Arachne (Spider:3)
  Jorgrun (Spider:1)
  A tentacled monstrosity (Vaults:4)
  A sphinx (Vaults:3)
  Donald (Vaults:1)
  A tengu reaver (Vaults:4)
  A fire giant (Vaults:3)
  4 emperor scorpions
  7 ghost moths
  4 vault wardens
  7 ironheart preservers
  3 very ugly things (Vaults:3)
  2 entropy weavers
  2 stone giants
  A deep elf death mage (Vaults:4)
  An ettin (Vaults:3)
  A fire dragon (D:15)
  Fannar (Orc:2)
  2 great orbs of eyes (Vaults:2)
  5 yaktaur captains
  8 ogre magi
  7 hydras
  2 vault guards (Vaults:3)
  2 ice dragons
  A catoblepas (D:15)
  17 two-headed ogres
  A rakshasa (Vaults:1)
  5 centaur warriors
  2 death yaks (Lair:5)
  Erica (Lair:2)
  A deep troll shaman (Vaults:2)
  A deep troll earth mage (Vaults:2)
  Urug (D:12)
  2 orc high priests (Orc:2)
  7 deep elf knights
  A storm dragon zombie (Vaults:3)
  A shadow wraith (Vaults:3)
  3 unseen horrors
  2 wizards
  Pikel (D:7)
  2 necromancers
  2 deep elf archers
  6 orc knights
  11 deep elf magi
  5 ironbrand convokers
  17 wolf spiders
  3 orb spiders
  4 cyclopes
  A manticore (shapeshifter) (Vaults:1)
  A salamander (Vaults:1)
  A stone giant zombie (Vaults:3)
  5 orc sorcerers
  19 ugly things
  3 elephants (Lair:4)
  3 vault sentinels
  A moth of wrath (Spider:4)
  3 black mambas
  A torpor snail (Spider:4)
  2 gargoyles
  11 spiny frogs
  6 komodo dragons
  3 freezing wraiths
  6 kobold demonologists
  5 demonic crawlers
  2 rime drakes
  15 yaktaurs
  A meliai (Vaults:1)
  A wolf spider simulacrum (D:15)
  7 polar bears
  27 jumping spiders
  8 trolls
  10 hornets
  6 blink frogs
  A fire giant simulacrum (Vaults:1)
  18 slime creatures
  9 dream sheep
  9 hippogriffs
  2 shadows
  10 tarantellas
  55 redbacks
  13 spriggans (Lair:6)
  A yak (shapeshifter) (Vaults:4)
  19 yaks
  2 basilisks
  A golden eye (shapeshifter) (D:12)
  4 hogs (D:7)
  5 wyverns
  3 hungry ghosts
  A human (D:7)
  A steam dragon (D:13)
  6 wargs
  A soldier ant (D:13)
  A soldier ant (shapeshifter) (Vaults:2)
  3 acid dragons
  A swamp worm (Lair:3)
  4 water moccasins
  3 porcupines (Lair:4)
  28 orc warriors
  A sky beast (D:5)
  4 black bears
  5 ice beasts
  3 phantoms
  A hornet zombie (D:10)
  12 boggarts
  13 centaurs
  An eye of draining (D:9)
  2 human skeletons (Vaults:2)
  25 ogres
  26 wolves
  7 crocodiles
  19 big kobolds
  13 bullfrogs
  2 wyvern zombies
  6 scorpions
  7 killer bees
  7 wights
  3 electric eels
  6 howler monkeys
  5 crimson imps
  5 centaur zombies
  A bullfrog zombie (D:5)
  8 hounds
  2 quasits
  4 centaur skeletons
  A bullfrog skeleton (D:12)
  4 jellies
  22 orc priests
  6 iguanas
  35 orc wizards
  6 hell rats (Lair:6)
  12 worker ants
  A howler monkey zombie (D:7)
  2 worker ant zombies
  4 gnolls (D:6)
  17 adders
  5 shadow imps
  An ooze (D:7)
  2 worms
  An adder skeleton (D:9)
  6 leopard geckos
  80 orcs
  A ball python (D:4)
  3 bats (D:3)
  7 giant cockroaches
  A hobgoblin (D:1)
  6 jackals
  6 quokkas
  7 frilled lizards
  10 goblins
  A jackal zombie (D:5)
  53 kobolds
  5 kobold skeletons (D:12)
  3 kobold zombies (D:12)
  A quokka skeleton (D:4)
  A quokka zombie (D:6)
  5 rats
1016 creatures vanquished.

Vanquished Creatures (collateral kills)
  Frederick (Vaults:4)
  A storm dragon (Vaults:3)
  An emperor scorpion (Spider:4)
  2 ironheart preservers
  2 stone giants (Vaults:3)
  An ice dragon (Vaults:1)
  A death knight (Vaults:2)
  5 two-headed ogres
  4 hydras
  2 death yaks (Lair:5)
  A deep troll (Vaults:2)
  2 wizards
  An orc knight (Vaults:4)
  A harpy (Spider:4)
  A deep elf archer (Vaults:2)
  12 orb spiders
  A cyclops (Orc:1)
  11 wolf spiders
  A frost giant zombie (Vaults:3)
  A deep elf mage (D:13)
  7 ugly things
  A centaur zombie (D:14)
  4 spiny frogs
  A torpor snail (Spider:4)
  4 demonic crawlers
  2 freezing wraiths
  3 centaur skeletons
  3 yaktaurs
  A komodo dragon (Lair:4)
  2 kobold demonologists
  A troll (D:11)
  11 jumping spiders
  3 hornets
  2 hippogriffs (Lair:3)
  A blink frog (Lair:1)
  A slime creature (Vaults:3)
  3 dream sheep
  An ettin skeleton (Vaults:3)
  5 tarantellas
  25 redbacks
  A basilisk (Lair:1)
  A hungry ghost (D:14)
  3 yaks
  A porcupine (Lair:1)
  2 black bears
  3 ogres
  An orc skeleton (Vaults:2)
  4 wolves
  A centaur (D:10)
  4 crocodiles
  4 big kobolds (D:12)
  A wyvern zombie (D:13)
  2 bullfrogs
  A killer bee (D:8)
  3 wights (D:8)
  3 crimson imps
  2 orc priests
  2 shadow imps
  6 orcs
  2 jackals (D:11)
  5 kobolds
  7 kobold skeletons (D:12)
  3 kobold zombies (D:12)
  4 fungi
  2 plants
201 creatures vanquished.

Vanquished Creatures (others)
  A vault warden (Vaults:4)
  An ettin (Vaults:4)
  2 cyclopes
  A yaktaur (Vaults:4)
  A slime creature (Vaults:1)
  15 fungi
  8 plants
29 creatures vanquished.

Grand Total: 1246 creatures vanquished

Levels and vault maps discovered:
D:1:      scummos_arrival_gate, layout_basic, chequers_serial_rivers_small_b
D:2:      layout_basic, kiku_gazebo_pond_becter
D:3:      layout_basic, first_ration
D:4:      minmay_chambers_of_threes, layout_layer_cave, vehumet_crystals
D:5:      layout_basic
D:6:      layout_basic, old_standard_altar, minmay_temple_entry_statues_pillars
D:7:      layout_loops_ring, gammafunk_temple_overflow_arena, marbit_many_paths,
          grunt_livestock, minmay_misc_feat_alley, uniq_pikel
D:8:      layout_rooms, grunt_gozag_statues, erik_lair_dragon,
          okawaru_ov_weapons_minmay, uniq_maurice
D:9:      layout_rooms, lightli_temple_of_fire,
          gammafunk_temple_overflow_elements, grunt_ministairs_14
D:10:     layout_basic, basic_altar
D:11:     layout_basic
D:12:     wander_kiku_kobolds, layout_basic, david_orc_4,
          nicolae_dithmenos_the_darkroom, uniq_urug
D:13:     layout_rooms, skrybe_vaults_entry_preservation
D:14:     layout_cave_pools, serial_shops, nicolae_shop_crystal,
          chequers_mini_garden, nicolae_ru_path_of_blood, uniq_frances
D:15:     grunt_enter_depths_giant_problem, layout_irregular_city,
          serial_bayou_pond_b
Lair:1:   layout_regular_city, chequers_serial_rivers_marsh
Lair:2:   layout_small_grid, spider_nest_entry_webs, uniq_erica
Lair:3:   layout_cave_pods, minmay_swamp_entry_worms, uniq_snorg, uniq_sonja
Lair:4:   wander_river, layout_cave_pods, gauntlet_entry_generic,
          cheibrodos_lair_reptile_den
Lair:5:   layout_cave_pods, minmay_slime_entry_oklob_enclosed
Lair:6:   minmay_lair_end_enchanted_forest, layout_concentric_octagons,
          serial_bayou_shore_a
Spider:1: layout_chambers, uniq_jorgrun
Spider:2: layout_spider_delve
Spider:3: layout_spider_delve
Spider:4: johnstein_spider_rune_arachne_lair, uniq_bai_suzhen, uniq_roxanne,
          uniq_arachne
Orc:1:    layout_diamond_mine, uniq_fannar
Orc:2:    st_orc_mages, layout_caves, nicolae_orc_crystal_geode
Vaults:1: hangedman_vaults_capsules, v_misc_25, nicolae_vaults_know_your_exits,
          v_misc_11, vaults_standard_mumra_lines, hangedman_vaults_snaps,
          nicolae_vaults_network_square, v_alt_pattern_6,
          nicolae_vaults_diagonal_hallway_7, ontoclasm_vaults_fault,
          vaults_dpeg_encased_lava, vaults_room_pools, layout_vaults_omnibox,
          basic_altar, uniq_donald
Vaults:2: ontoclasm_vaults_shuriken, vaults_room_hallway,
          dpeg_vaults_monster_box, ontoclasm_vaults_ligature, v_misc_13,
          v_misc_13, ontoclasm_vaults_ring_small, v_misc_18,
          ontoclasm_vaults_twist, grunt_vaults_hallway_short,
          hangedman_vaults_trim, layout_vaults_omnigrid
Vaults:3: nicolae_vaults_rhombus_6, nicolae_vaults_network_star,
          vaults_room_door_ring, v_alt_pattern_4, minmay_crypt_entry_necro_gods,
          nicolae_vaults_octagons, v_misc_13, ontoclasm_vaults_ring_large,
          nicolae_vaults_three_branches, nicolae_vaults_ring_of_whatevers,
          hangedman_vaults_stream, grunt_vaults_twisty, vaults_room_hallway,
          layout_vaults_maze_bifur
Vaults:4: grunt_vaults_trifunnel, vaults_room_fours, vaults_mumra_hex,
          nicolae_vaults_little_squares_1, dpeg_vaults_waves, v_misc_25,
          nicolae_vaults_border_crossing, hangedman_vaults_river_flow,
          v_pattern_3, ontoclasm_vaults_gateway,
          ontoclasm_vaults_loading_screen, grunt_vaults_hallway_short,
          layout_vaults_big_cross, uniq_frederick
Gauntlet: gammafunk_gauntlet_shortcut [gammafunk_gauntlet_arena_crates,
          gammafunk_gauntlet_arena_open, nicolae_gauntlet_arena_blocks,
          gammafunk_gauntlet_arena_arrow_garden, nicolae_gauntlet_swirl,
          nicolae_gauntlet_arena_t_cross, gauntlet_exit_spiral]


Message History

You hit the tentacled monstrosity.
The tentacled monstrosity convulses.
The tentacled monstrosity is almost dead.
You block the tentacled monstrosity's attack.
The tentacled monstrosity tentacle-slaps you but does no damage. x2
The tentacled monstrosity constricts you.
You bludgeon the tentacled monstrosity!!
You kill the tentacled monstrosity!
Your lamp of fire has recharged.
The frost giant hits you with a +2 battleaxe of freezing!
The frost giant freezes you.
As you read the scroll of teleportation, it crumbles to dust.
You feel strangely unstable.
The frost giant points at you and mumbles some strange words.
The bolt of cold hits you!!!
* * * LOW HITPOINT WARNING * * *
You feel much better.
You block the green very ugly thing's attack.
The frost giant points at you and mumbles some strange words.
The bolt of cold hits you!!!
You die...

Notes
Turn   | Place    | Note
-------+----------+-------------------------------------------
     0 | D:1      | Orphidia the Demigod Necromancer began the quest for the
                  | Orb.
     0 | D:1      | Reached XP level 1. HP: 14/14 MP: 5/5
   592 | D:1      | Reached XP level 2. HP: 18/20 MP: 2/7
  1421 | D:2      | Reached XP level 3. HP: 25/26 MP: 7/9
  1505 | D:2      | Found an ancient bone altar of Kikubaaqudgha.
  1901 | D:3      | Noticed an ice beast
  1907 | D:3      | Learned a level 3 spell: Vampiric Draining
  2434 | D:3      | Noticed a bullfrog
  2441 | D:3      | Killed a bullfrog
  2441 | D:3      | Reached XP level 4. HP: 8/33 MP: 2/11
  2704 | D:3      | Reached skill level 5 in Necromancy
  2704 | D:3      | Reached XP level 5. HP: 37/38 MP: 8/13
  2751 | D:3      | Learned a level 4 spell: Animate Dead
  2941 | D:3      | Learned a level 3 spell: Stone Arrow
  3223 | D:4      | Found a radiant altar of Vehumet.
  3630 | D:4      | Reached skill level 1 in Conjurations
  3630 | D:4      | Reached skill level 1 in Earth Magic
  4184 | D:4      | Reached XP level 6. HP: 42/45 MP: 7/15
  4714 | D:5      | Entered Level 5 of the Dungeon
  4735 | D:5      | You fall through a shaft for 2 floors!
  4936 | D:6      | Found a sparkling altar of Nemelex Xobeh.
  4944 | D:6      | Noticed a hippogriff
  5248 | D:6      | Reached XP level 7. HP: 12/50 MP: 16/16
  6767 | D:5      | Identified the +8 short sword of the Radish {protect, rN+
                  | Str+5}
  6802 | D:5      | Reached XP level 8. HP: 26/57 MP: 9/17
  6828 | D:5      | Reached skill level 5 in Earth Magic
  6958 | D:5      | Reached skill level 5 in Conjurations
  7467 | D:6      | Found a staircase to the Ecumenical Temple.
  8000 | D:6      | Killed a hippogriff
  8300 | D:7      | Reached XP level 9. HP: 79/79 MP: 18/18
  8408 | D:7      | Found a glowing silver altar of Zin.
  8536 | D:7      | Reached XP level 10. HP: 77/86 MP: 9/19
  8622 | D:7      | Found a transporter.
  8631 | D:7      | Noticed Pikel
  8659 | D:7      | Killed Pikel
  9002 | D:7      | Found a transporter.
  9010 | D:7      | Found a burning altar of Makhleb.
  9181 | D:8      | Noticed Maurice
  9182 | D:8      | Noticed Maurice
  9182 | D:8      | Maurice changed into Maurice the crocodile
  9192 | D:8      | Killed Maurice the crocodile
  9239 | D:8      | Found an iron altar of Okawaru.
  9415 | D:8      | Reached skill level 1 in Staves
  9482 | D:8      | Found an opulent altar of Gozag.
 11295 | D:9      | Found a shimmering altar of Xom.
 11295 | D:9      | Found a white marble altar of Elyvilon.
 11315 | D:9      | Found a bloodstained altar of Trog.
 11381 | D:10     | Entered Level 10 of the Dungeon
 11873 | D:10     | Found a white marble altar of Elyvilon.
 12089 | D:10     | Reached XP level 11. HP: 88/92 MP: 20/20
 12388 | D:10     | Reached skill level 5 in Staves
 12530 | D:10     | Killed an unseen horror
 12979 | D:11     | Noticed an eight-headed hydra
 13075 | D:11     | Killed an eight-headed hydra
 13952 | D:12     | Learned a level 3 spell: Regeneration
 13956 | D:12     | Learned a level 2 spell: Passwall
 14045 | D:12     | Found a shadowy altar of Dithmenos.
 14210 | D:12     | Killed an unseen horror
 14534 | D:12     | Noticed a four-headed hydra
 14566 | D:12     | Killed a four-headed hydra
 14600 | D:12     | Found an ancient bone altar of Kikubaaqudgha.
 15117 | D:12     | Noticed Urug
 15214 | D:12     | Reached skill level 1 in Evocations
 15988 | D:8      | Found a staircase to the Lair.
 16052 | Lair:1   | Entered Level 1 of the Lair of Beasts
 16257 | Lair:1   | Reached XP level 12. HP: 59/100 MP: 1/22
 16494 | Lair:1   | Noticed a seven-headed hydra
 16503 | Lair:1   | Killed a seven-headed hydra
 16503 | Lair:1   | Reached skill level 5 in Evocations
 16760 | Lair:1   | Noticed a six-headed hydra
 16771 | Lair:1   | Killed a six-headed hydra
 17415 | Lair:2   | Noticed a five-headed hydra
 17422 | Lair:2   | Killed a five-headed hydra
 17637 | Lair:2   | Found a hole to the Spider Nest.
 17805 | Lair:2   | Got a spiked chain mail
 17816 | Lair:2   | Identified the +1 chain mail "Momuwkib" {rF- rC+ Str+3
                  | Stlth+} (You found it on level 2 of the Lair of Beasts)
 17860 | Lair:2   | Noticed Erica
 17902 | Lair:2   | Killed Erica
 17902 | Lair:2   | Reached skill level 5 in Spellcasting
 18614 | Lair:3   | Noticed Snorg
 18697 | Lair:3   | Noticed Sonja
 18698 | Lair:3   | Noticed Sonja
 18698 | Lair:3   | Sonja changed into Sonja the yak
 18710 | Lair:3   | Killed Sonja the yak
 18784 | Lair:3   | Found a staircase to the Swamp.
 19246 | Lair:4   | Found a gate leading to a gauntlet.
 19259 | Gauntlet | Entered a Gauntlet
 19259 | Gauntlet | Found a transporter.
 19259 | Gauntlet | Found a transporter.
 19259 | Gauntlet | Found a transporter.
 19265 | Gauntlet | Found a transporter.
 19277 | Gauntlet | Found a transporter.
 19298 | Gauntlet | Found a transporter.
 19304 | Gauntlet | Found a transporter.
 19312 | Gauntlet | Found a transporter.
 19329 | Gauntlet | Found a transporter.
 19337 | Gauntlet | Found a transporter.
 19354 | Gauntlet | Found a transporter.
 19379 | Gauntlet | Found a transporter.
 19969 | Lair:4   | Noticed a seven-headed hydra
 19985 | Lair:4   | Killed a seven-headed hydra
 20366 | Lair:4   | Learned a level 1 spell: Apportation
 21133 | Lair:5   | Noticed an eight-headed hydra
 21144 | Lair:5   | Killed an eight-headed hydra
 21144 | Lair:5   | Reached XP level 13. HP: 81/105 MP: 14/27
 21703 | Lair:5   | Reached skill level 10 in Staves
 21936 | Lair:6   | Entered Level 6 of the Lair of Beasts
 24149 | Lair:6   | Learned a level 5 spell: Lee's Rapid Deconstruction
 25184 | D:12     | Found a staircase to the Orcish Mines.
 25554 | Orc:1    | Entered Level 1 of the Orcish Mines
 25645 | Orc:2    | Entered Level 2 of the Orcish Mines
 25709 | Orc:1    | Noticed Fannar
 25808 | Orc:2    | Killed Fannar
 26191 | Orc:2    | Found a staircase to the Elven Halls.
 26475 | Orc:2    | Reached skill level 10 in Necromancy
 27518 | Orc:2    | Reached XP level 14. HP: 113/113 MP: 31/31
 27703 | Orc:2    | Found Zujoshu's Weapon Shoppe.
 27703 | Orc:2    | Found Wisch's General Store.
 27703 | Orc:2    | Found Muyshred's Antique Armour Shoppe.
 27719 | Orc:2    | Found Leoti's Antique Weapon Emporium.
 27722 | Orc:2    | typical "nothing to buy" orcs
 27907 | Orc:2    | past lair: no boots, almost no jewels, no books
 27907 | Orc:2    | (also past orcs)
 27907 | Orc:2    | great game
 28555 | D:13     | Found the ring of the Octopus King
 28559 | D:13     | Got a ring of the Octopus King
 28561 | D:13     | Identified a ring of the Octopus King {AC+1 EV+1 Str+1
                  | Int+1 Dex+1 SInv} (You found it on level 13 of the Dungeon)
 28878 | D:13     | Found a gate to the Vaults.
 28878 | D:13     | Noticed an ironheart preserver
 28903 | D:13     | Killed an ironheart preserver
 29649 | D:14     | Noticed Frances
 29653 | D:14     | Banished Frances
 29653 | D:14     | Reached skill level 10 in Dodging
 29728 | D:14     | Found Zapuud's Jewellery Shoppe.
 29786 | D:14     | Bought the brooch of Shielding {Reflect SH+8} for 1488 gold
                  | pieces
 29786 | D:14     | Found the brooch of Shielding {Reflect SH+8}
 29955 | D:14     | Found a sacrificial altar of Ru.
 30056 | D:15     | Entered Level 15 of the Dungeon
 30058 | D:15     | Got a dazzling ring mail
 30071 | D:14     | Identified the +3 ring mail of Beudiar {rF+ Dex+3} (You
                  | found it on level 15 of the Dungeon)
 30129 | D:15     | Got a slimy bone ring
 30131 | D:15     | Identified the ring of Nitruhat {Ice +Blink rPois Dex+2
                  | Stlth+} (You found it on level 15 of the Dungeon)
 30249 | D:15     | Found a staircase to the Depths.
 30249 | D:15     | Noticed a fire giant
 31497 | Spider:1 | Entered Level 1 of the Spider Nest
 32280 | Spider:1 | Noticed a ghost moth
 32310 | Spider:1 | Killed a ghost moth
 32788 | Spider:1 | Noticed Jorgrun
 33078 | Spider:1 | Killed Jorgrun
 33740 | Spider:2 | Reached XP level 15. HP: 117/118 MP: 28/32
 35910 | Spider:4 | Entered Level 4 of the Spider Nest
 35910 | Spider:4 | Identified Roxanne's Guide on Moulding
 35910 | Spider:4 | Noticed Roxanne
 36743 | Spider:4 | Noticed Bai Suzhen
 36747 | Spider:4 | Noticed Arachne
 36820 | Spider:3 | Killed Arachne
 37077 | Spider:4 | Reached skill level 10 in Evocations
 37168 | Spider:4 | Killed Bai Suzhen
 37896 | Spider:4 | Reached XP level 16. HP: 96/132 MP: 0/33
 37902 | Spider:4 | Got a gossamer rune of Zot
 38562 | D:12     | Found a shadowy altar of Dithmenos.
 38629 | D:12     | Found an ancient bone altar of Kikubaaqudgha.
 38751 | D:12     | Found a staircase to the Orcish Mines.
 38920 | D:12     | Killed Urug
 38979 | Vaults:1 | Entered Level 1 of the Vaults
 39127 | Vaults:1 | Learned a level 2 spell: Swiftness
 39280 | Vaults:1 | Found an opulent altar of Gozag.
 39744 | Vaults:1 | Reached skill level 10 in Fighting
 39937 | Vaults:1 | Noticed Donald
 40623 | Vaults:1 | Killed Donald
 40722 | Vaults:1 | Reached skill level 1 in Shields
 40750 | Vaults:1 | Reached skill level 2 in Shields
 40757 | Vaults:1 | Paralysed by an ogre mage for 2 turns
 40757 | Vaults:1 | Reached skill level 3 in Shields
 40798 | Vaults:1 | Reached skill level 4 in Shields
 41228 | Vaults:2 | Reached skill level 5 in Shields
 41361 | Vaults:2 | Reached skill level 6 in Shields
 41657 | Vaults:2 | Reached skill level 7 in Shields
 42031 | Vaults:2 | Paralysed by a wizard for 2 turns
 42266 | Vaults:2 | Reached skill level 8 in Shields
 42941 | Vaults:3 | Reached skill level 9 in Shields
 42941 | Vaults:3 | Reached XP level 17. HP: 109/140 MP: 35/35
 43317 | Vaults:3 | Found a staircase to the Crypt.
 43317 | Vaults:3 | Found an ancient bone altar of Kikubaaqudgha.
 43654 | Vaults:3 | Reached skill level 10 in Shields
 44491 | Vaults:3 | Reached skill level 11 in Shields
 45207 | Vaults:3 | Reached skill level 12 in Shields
 45515 | Vaults:4 | Learned a level 2 spell: Corpse Rot
 46056 | Vaults:4 | Reached skill level 13 in Shields
 46151 | Vaults:4 | Noticed Frederick
 46168 | Vaults:4 | Killed Frederick
 46353 | Vaults:4 | Got a bronze chain mail
 46354 | Vaults:4 | Identified the +7 chain mail "Opet" {rElec Dex+3 SInv} (You
                  | found it on level 4 of the Vaults)
 46799 | Vaults:4 | Noticed a tentacled monstrosity
 46813 | Vaults:4 | Killed a tentacled monstrosity
 46815 | Vaults:4 | Killed from afar by a frost giant
